 Dungeon Crawl Stone Soup version 0.30-a0-1074-g5db6f66fbb (webtiles) character file.

Game seed: 14544727258772529108

1401 PimpSugar the Magician (level 9, -2/62 HPs)
             Began as a Djinni Hedge Wizard on Apr 13, 2023.
             Was an Initiate of Ashenzari.
             Slain by a mummy (12 damage)
             ... in an ossuary.
             The game lasted 00:30:49 (7250 turns).

PimpSugar the Magician (Djinni Hedge Wizard)        Turns: 7250, Time: 00:30:50

Health: -2/62      AC: 17    Str:  7    XL:     9   Next: 1%
Gold:   246        EV:  8    Int: 19    God:    Ashenzari [......] SH:  0 Dex: 14

rFire   + + +      SeeInvis +    t - +10 sling "Ruvijem" {freeze, rF+++ Will- Str-2 SInv}
rCold   . . .      Faith    .    (no shield)
rNeg    . . .      Spirit   .    v - +7 Kryia's mail coat {PotionHeal*2 rC+}
rPois   ∞          Reflect  .    c - +0 hat of Supernal Knowledge {Evo, Cun} (curse)
rElec   .          Rampage  .    B - +0 cloak
rCorr   .                        q - +1 pair of gloves
Will    .....                    (boots unavailable)
Stlth   +                        (no amulet)
HPRegen 0.30/turn                (no ring)
MPRegen 0.00/turn                (no ring)

@: marked, on blink cooldown, flying, very slightly contaminated
A: sickness immunity, fire resistance 2, cold vulnerability 1, float, innate
caster, HP casting, extra vitality 1
a: Renounce Religion, Curse Item, Shatter the Chains


You were in an ossuary.
You worshipped Ashenzari.
Ashenzari was noncommittal.
You visited 2 branches of the dungeon, and saw 8 of its levels.
You also visited: Ossuary.

You collected 510 gold pieces.
You spent 264 gold pieces at shops.

Inventory:

Hand Weapons
 a - a +0 dagger
 d - a +4 falchion of protection
 j - a +0 glaive
 r - a +0 sling
 t - the +10 sling "Ruvijem" (weapon) {freeze, rF+++ Will- Str-2 SInv}
   (You bought it in a shop on level 4 of the Dungeon)

   Str:       It affects your strength (-2).
   rF:        It renders you almost immune to fire.
   SInv:      It lets you see invisible.
   Will:      It decreases your willpower.
 x - a +7 dagger of electrocution
 F - a +4 spear
Missiles
 e - 2 boomerangs
 g - a boomerang of dispersal
 m - 19 poisoned darts
 o - 16 stones
 D - a throwing net
Armour
 b - a +0 robe
 c - the cursed +0 hat of Supernal Knowledge (worn) {Evo, Cun}

   It has a curse which improves the following skills: Evocations: Evocations.
   Cunning:   Dodging and Stealth.
 h - a +0 cloak
 q - a +1 pair of gloves (worn)
 v - the +7 Kryia's mail coat (worn) {PotionHeal*2 rC+}
   (You found it on level 3 of the Dungeon)

   PotionHeal*2: Potions heal its wearer twice as much.
   rC:        It protects you from cold.
 y - an orb of mayhem
 B - a +0 cloak (worn)
Jewellery
 i - a ring of fire
 u - a ring of poison resistance
Wands
 n - a wand of flame (42)
Scrolls
 f - a scroll of poison
 l - a scroll of fog
 p - 4 scrolls of magic mapping
 A - a scroll of noise
 C - a scroll of brand weapon
Potions
 k - a potion of attraction
 s - a potion of flight
 z - a potion of resistance {unknown}


   Skills:
 + Level 4.1 Fighting
 + Level 3.2 Armour
 + Level 5.0(5.4) Dodging
 + Level 4.1(4.4) Stealth
 * Level 5.3 Spellcasting
 + Level 1.3(1.5) Evocations


You knew the following spells:

 Your Spells              Type           Power      Damage    Failure   Level
a - Magic Dart            Conj           100%       1d8       16%         1
b - Call Imp              Summ           50%        N/A       22%         2
c - Mephitic Cloud        Conj/Pois/Air  25%        N/A       41%         3
d - Slow                  Hex            100%       N/A       16%         1
e - Blink                 Tloc           50%        N/A       22%         2
f - Sandblast             Erth           50%        2d12      16%         1
g - Searing Ray           Conj           50%        2d6       22%         2
h - Ignite Poison         Fire/Tmut/Pois 25%        N/A       41%         3
v - Vampiric Draining     Necr           25%        2d7       41%         3
Your spell library was empty.

Dungeon Overview and Level Annotations

Branches:
Dungeon (7/15)             Temple (1/1) D:5         Ossuary (1/1)

Altars:
Ashenzari
Dithmenos
Elyvilon
Fedhas
Gozag
Hepliaklqana
Makhleb
Okawaru
Qazlal
Ru
Trog
Uskayaw
Wu Jian
Xom
Yredelemnul
The Shining One

Shops:
D:4 (


Innate Abilities, Weirdness & Mutations

You are immune to sickness and miasma.
You are immune to poison.
Your flesh is very heat resistant. (rF++)
You are vulnerable to cold. (rC-)
You float through the air rather than walking.
You learn spells naturally, not from books.
Your magical power is your life essence.
You have superior vitality. (+4 MHP)


Message History

The centaur zombie is engulfed in blazing flames.
The centaur zombie hits you but does no damage.
The centaur zombie kicks you.
The hobgoblin zombie is engulfed in blazing flames.
You destroy the hobgoblin zombie!
The centaur zombie is engulfed in blazing flames.
The centaur zombie hits you but does no damage.
The centaur zombie kicks you but does no damage.
The centaur zombie is engulfed in blazing flames.
The centaur zombie hits you but does no damage.
The centaur zombie kicks you but does no damage.
The centaur zombie is engulfed in blazing flames.
The centaur zombie hits you.
* * * LOW HITPOINT WARNING * * *
The centaur zombie kicks you but does no damage.
The centaur zombie is engulfed in blazing flames.
The centaur zombie hits you but does no damage.
The centaur zombie kicks you but does no damage.
The centaur zombie is engulfed in blazing flames.
The centaur zombie hits you but does no damage.
The centaur zombie completely misses you.
The centaur zombie hits you but does no damage.
The centaur zombie kicks you but does no damage.
Casting: Ignite Poison (dangerous; 41% risk of failure)
Confirm with . or Enter, or press ? or * to list all spells.
You blink.
Found a gate leading back out of this place.
* * * LOW HITPOINT WARNING * * *
You are engulfed in blazing flames.
You resist.
* * * LOW HITPOINT WARNING * * *
The centaur zombie is engulfed in blazing flames.
You destroy the centaur zombie!
The centaur zombie enters a dispersal trap!
The centaur zombie blinks! x2; The mummy blinks!
The mummy fails to trigger a net trap.
The mummy blinks! x2; You blink.
The centaur zombie blinks!
The centaur zombie is engulfed in blazing flames.
The mummy is engulfed in blazing flames.
The mummy hits you!
You die...

#○°°°°.○#
##°○°☼°##
#○..°°○°#
##°○°°○##
#°§M°°°°#
##○°°○○##
##○M○○°##
#°○☼○○○○#
#○○°°Z☼@#
#°Z°○°M°#
#°☼§§○○○#
##.§°°°##
#...##
##∩## ###


You could see 3 mummies and 2 centaur zombies.

Vanquished Creatures
  Menkaure (D:4)
  A black bear (D:5)
  An ogre (D:5)
  2 phantoms
  A bullfrog (D:7)
  2 scorpions
  2 centaur zombies (Ossuary)
  A jelly (D:5)
  5 hounds
  4 orc priests
  4 sleepcaps
  3 iguanas
  6 adders
  A shadow imp (D:6)
  2 ufetubi (D:6)
  A worm (D:4)
  21 orcs
  8 endoplasms
  11 giant cockroaches
  A hobgoblin (D:4)
  2 jackals (D:1)
  6 quokkas
  7 ball pythons
  7 bats
  5 frilled lizards (D:3)
  7 goblins
  A hobgoblin zombie (Ossuary)
  7 kobolds
  9 rats
129 creatures vanquished.

Vanquished Creatures (collateral kills)
  A sleepcap (D:6)
  A gnoll (D:1)
  An adder (D:2)
  An ufetubus (D:5)
  A hobgoblin (D:1)
  2 jackals (D:1)
  2 bats
9 creatures vanquished.

Grand Total: 138 creatures vanquished

Notes
Turn   | Place    | Note
-------+----------+-------------------------------------------
     0 | D:1      | PimpSugar the Djinni Hedge Wizard began the quest for the
                  | Orb.
     0 | D:1      | PimpSugar set off with the following spells memorised:
                  | Magic Dart, Slow, Blink, Call Imp, Mephitic Cloud.
     0 | D:1      | Reached XP level 1. HP: 15/15 MP: 0/0
   189 | D:1      | Reached XP level 2. HP: 12/22 MP: 0/0
   346 | D:1      | Found a faded altar of an unknown god.
   409 | D:1      | Reached XP level 3. HP: 13/26 MP: 0/0
   409 | D:1      | Learned a level 1 spell: Sandblast
   562 | D:1      | Reached skill level 1 in Fighting
   773 | D:1      | Reached XP level 4. HP: 30/32 MP: 0/0
  1668 | D:2      | Reached XP level 5. HP: 37/37 MP: 0/0
  1668 | D:2      | Learned a level 2 spell: Searing Ray
  2315 | D:3      | Found the +7 Kryia's mail coat {PotionHeal*2 rC+}
  3440 | D:4      | Noticed a phantom
  3460 | D:4      | Reached XP level 6. HP: 32/43 MP: 0/0
  3499 | D:4      | Reached skill level 1 in Armour
  4014 | D:4      | Noticed Menkaure
  4027 | D:4      | Killed Menkaure
  4028 | D:4      | Reached XP level 7. HP: 31/49 MP: 0/0
  4028 | D:4      | Learned a level 3 spell: Vampiric Draining
  4269 | D:4      | Found an iron altar of Okawaru.
  4347 | D:4      | Found Ewuhuaptelio's Antique Weapon Shop.
  4350 | D:4      | Bought a bloodstained sling for 149 gold pieces
  4350 | D:4      | Identified the +10 sling "Ruvijem" {freeze, rF+++ Will-
                  | Str-2 SInv} (You bought it in a shop on level 4 of the
                  | Dungeon)
  4857 | D:4      | Bought a runed dagger for 115 gold pieces
  4874 | D:5      | Entered Level 5 of the Dungeon
  5005 | D:5      | Reached XP level 8. HP: 45/56 MP: 0/0
  5241 | D:5      | Found a staircase to the Ecumenical Temple.
  5272 | Temple   | Entered the Ecumenical Temple
  5518 | D:5      | Found a broken altar of Ashenzari.
  5539 | D:5      | Became a worshipper of Ashenzari the Shackled
  5550 | D:5      | Found a hide-covered altar of Uskayaw.
  5642 | D:5      | Found a burning altar of Makhleb.
  5642 | D:5      | Noticed a balrug
  5646 | D:5      | Noticed a ynoxinul
  5646 | D:5      | Noticed a smoke demon
  6521 | D:6      | Reached skill level 5 in Spellcasting
  6819 | D:6      | Reached skill level 1 in Evocations
  6832 | D:6      | Found a stormy altar of Qazlal.
  6909 | D:6      | Found a glowing golden altar of the Shining One.
  7011 | D:6      | Found a hazy altar of Hepliaklqana.
  7161 | D:7      | Reached skill level 5 in Dodging
  7197 | D:7      | Found a sand-covered staircase.
  7201 | Ossuary  | Entered an ossuary
  7210 | Ossuary  | Reached XP level 9. HP: 47/62 MP: 0/0
  7210 | Ossuary  | Learned a level 3 spell: Ignite Poison
  7250 | Ossuary  | Slain by a mummy

Illustrated notes

Levels and vault maps discovered:
D:1:      saegor_arrival_simple_a, layout_loops_ring,
          hellmonk_ecumenical_altar_pennies_from_heaven
D:2:      layout_basic, hex_large
D:3:      minmay_roachtagon, layout_basic
D:4:      minmay_spotlight, layout_basic, mainiacjoe_overflow_surrounded_room,
          serial_shops, kennysheep_mini, uniq_menkaure
D:5:      layout_rooms, makhleb_altar_promises_db, mainiacjoe_overflow_alcove_2,
          cheibrodos_ashenzari_chains, minmay_temple_entry_grid,
          serial_co_window_serial, co_window_corner_a, co_window_paths_a,
          co_window_paths_a, co_window_corner_a, co_window_cross_1,
          co_window_of_opportunity_a, co_window_broadway_c, co_window_corner_cb,
          co_window_broadway_c, co_window_2corner, co_window_paths_e,
          co_window_paths_d
D:6:      layout_rooms, kennysheep_mini_moat, mainiacjoe_overflow_swirl
D:7:      layout_cave_pools, zin_academy, nemelex_dance_club_becter,
          nicolae_overflow_squiral, enter_ossuary_5, uniq_joseph,
          uniq_crazy_yiuf_cottage
Temple:   hellmonk_temple_flake
Ossuary:  ossuary_the_hunt_dpeg

Skill      XL: |  1  2  3  4  5  6  7  8 |
---------------+-------------------------+-----
Stealth        | 2 3 4 |  4.1
Fighting       | 1 2 3 4 |  4.1
Spellcasting   | 3 4 5 |  5.3
Dodging        | 3 4 5 |  5.0
Armour         | 1 2 3 |  3.2
Evocations     | 1 |  1.3

Action                     |  1- 3 |  4- 6 |  7- 9 || total
---------------------------+-------+-------+-------++-------
  Melee: Dagger            |    38 |       |       ||    38
         Short sword       |     1 |    21 |       ||    22
         Falchion          |       |   158 |     9 ||   167
         Punch             |       |     2 |       ||     2
   Fire: Sling             |       |       |    60 ||    60
  Throw: Stone             |       |     2 |       ||     2
   Cast: Magic Dart        |     5 |     3 |     7 ||    15
         Call Imp          |     4 |     4 |     6 ||    14
         Slow              |     1 |     2 |     6 ||     9
         Sandblast         |    19 |    28 |    52 ||    99
         Blink             |       |       |     4 ||     4
         Searing Ray       |       |       |     2 ||     2
         Ignite Poison     |       |       |     1 ||     1
 Invoke: Curse Item        |       |       |     1 ||     1
  Evoke: Wand              |       |       |     8 ||     8
    Use: Scroll            |       |    12 |     6 ||    18
         Potion            |       |     5 |     3 ||     8
   Stab: Sleeping          |     4 |     1 |       ||     5
 Armour: Robe              |     9 |    35 |       ||    44
         Scale mail        |       |   133 |   126 ||   259
  Dodge: Dodged            |    31 |   143 |    62 ||   236

Table legend: (Time is in decaauts)
 A = Elapsed time spent in this place.
 B = Non-inter-level travel time spent in this place.
 C = Inter-level travel time spent in this place.
 D = Time resting spent in this place.
 E = Time spent auto-exploring this place.
 F = Levels seen in this place.
 G = Mean time per level.
                   A        B        C        D        E       F      G
               +--------+--------+--------+--------+--------+-----+--------+
         Total |   7394 |   6753 |    641 |    512 |   4266 |   9 |  821.6 |
       Dungeon |   7172 |   6544 |    628 |    512 |   4134 |   7 | 1024.6 |
        Temple |    168 |    155 |     13 |      0 |    132 |   1 |  168.0 |
       Ossuary |     53 |     53 |      0 |      0 |      0 |   1 |   53.0 |
               +--------+--------+--------+--------+--------+-----+--------+

Top non-repeatable levels by time:
     D:4: 1568 daAuts
     D:3: 1452 daAuts
     D:5: 1275 daAuts
     D:2: 1028 daAuts
     D:1: 995 daAuts
     D:6: 799 daAuts
  Temple: 168 daAuts
 Ossuary: 53 daAuts
     D:7: 52 daAuts
